Map: 프리온 단구

Players

llllllllllll (Scarlett) - Winner!

  • Race: Zerg Zerg
  • League: Grandmaster

llllllllllll

  • Race: Protoss Protoss
  • League: Grandmaster

VOD

Have the link to the VOD?

Description

Time

  • Played on: April 10, 2016, 6:33 a.m.
  • Length: 19:06
Show
View Real Time Build Order
Export as new Build Order

llllllllllll Zerg - Winner!

Build Orders: Hatch First 

Get SALT Encoding   

  12  0:01  Drone  
  13  0:09  Drone  
  14  0:18  Overlord  
  14  0:24  Drone, Extractor  
  15  0:37  Drone x2  
  17  0:51  Hatchery  
  17  0:54  Drone  
  17  0:57  Drone  
  18  1:08  Extractor  
  17  1:12  Spawning Pool  
  17  1:16  Drone  
  17  1:19  Drone  
  18  1:28  Drone  
  19  1:38  Drone  
  20  1:48  Hatchery  
  19  2:01  Zergling x2  
  20  2:02  Drone  
  20  2:06  Queen  
  23  2:12  Metabolic Boost  
  23  2:21  Drone x2  
  23  2:22  Overlord  
  25  2:30  Overlord  
  25  2:32  Drone  
  25  2:35  Zergling x2  
  25  2:36  Zergling x2  
  28  2:41  Queen  
  30  2:48  Queen  
  32  2:59  Drone x2  
  34  3:07  Evolution Chamber, Drone x2  
  34  3:09  Drone  
  34  3:10  Baneling Nest  
  34  3:11  Drone  
  36  3:15  Drone  
  36  3:17  Zergling x2  
  38  3:21  Drone x2  
  40  3:27  Drone x2  
  40  3:28  Drone  
  40  3:33  Queen  
  45  3:39  Zerg Melee Weapons Level 1  
  45  3:42  Drone x2, Overlord  
  47  3:56  Zergling x6  
  47  3:57  Overlord x2  
  47  4:02  Drone x5  
  55  4:03  Drone, Extractor  
  55  4:08  Drone x2  
  57  4:10  Pneumatized Carapace  
  57  4:15  Overlord  
  57  4:25  Drone  
  57  4:26  Drone x5  
  62  4:38  Drone x2  
  62  4:39  Overlord x4  
  62  4:40  Queen x2  
  68  4:47  Zergling x8  
  72  4:53  Queen  
  74  5:02  Hatchery  
  74  5:03  Zergling x2  
  74  5:04  Zergling x12  
  80  5:13  Overlord  
  80  5:15  Overlord  
  80  5:16  Queen  
  84  5:29  Queen  
  84  5:33  Zergling x20  
  84  5:34  Baneling x4  
  96  5:37  Baneling x4  
  94  5:43  Spore Crawler  
  94  5:44  Spore Crawler  
  90  5:52  Lair  
  86  5:57  Drone x2  
  86  6:04  Baneling x3  
  88  6:12  Zergling x18  
  88  6:13  Zergling x10  
  88  6:15  Spore Crawler  
  101  6:19  Baneling x2  
  98  6:45  Zergling x26  
  111  6:51  Overseer  
  111  6:55  Overseer  
  111  6:56  Zergling x2  
  111  6:57  Zergling x4  
  111  6:59  Queen  
  111  7:00  Queen x2  
  119  7:10  Zergling x6  
  122  7:17  Baneling x9  
  122  7:18  Baneling  
  122  7:22  Baneling  
  122  7:23  Hatchery  
  121  7:34  Baneling x2  
  121  7:36  Zergling x16  
  121  7:37  Zergling x4  
  130  7:42  Extractor  
  97  7:58  Zergling x4  
  97  7:59  Zergling x8  
  97  8:00  Zergling x2  
  96  8:09  Zergling x2  
  96  8:10  Zergling x14  
  91  8:13  Zergling x6  
  85  8:22  Zerg Melee Weapons Level 2  
  85  8:24  Evolution Chamber, Queen x2  
  85  8:26  Extractor  
  84  8:29  Zergling x4  
  84  8:30  Zergling x2  
  85  8:36  Baneling x8  
  85  8:38  Zergling x6  
  83  8:43  Zergling x4  
  83  8:44  Zergling x2  
  85  8:53  Zergling x6  
  84  9:01  Zergling x14  
  84  9:02  Zergling x2  
  87  9:04  Extractor x2, Spire  
  84  9:27  Zerg Ground Armor Level 1  
  84  9:29  Drone x4  
  84  9:30  Drone x3  
  84  9:31  Drone x5  
  96  9:43  Zergling x2  
  96  9:44  Zergling x14  
  101  9:50  Drone x3  
  103  9:56  Zergling x2  
  103  9:57  Zergling x10, Baneling  
  103  9:58  Baneling x2  
  109  10:00  Baneling x4  
  109  10:05  Zergling x4  
  109  10:06  Zergling x10  
  116  10:11  Centrifical Hooks  
  116  10:13  Baneling x3  
  116  10:19  Mutalisk x2  
  120  10:24  Mutalisk  
  120  10:29  Mutalisk x2  
  117  10:39  Queen  
  119  10:43  Zergling x2  
  119  10:44  Zergling x10  
  125  10:50  Overlord x2  
  125  10:56  Zergling x8  
  129  11:03  Zergling x8  
  129  11:04  Zergling x2  
  134  11:05  Baneling x2  
  134  11:06  Baneling  
  134  11:14  Baneling x6  
  134  11:15  Baneling x6  
  134  11:16  Baneling x2  
  134  11:20  Drone  
  134  11:22  Baneling x5  
  134  11:23  Baneling  
  122  11:50  Zergling x2  
  122  11:51  Zergling x22  
  122  11:52  Zergling x14  
  117  11:55  Baneling x4  
  117  12:06  Zergling x14  
  99  12:25  Zergling x14  
  99  12:26  Zergling x4  
  97  12:34  Zergling x2  
  95  12:40  Zergling x8  
  95  13:08  Zergling x4  
  95  13:09  Infestation Pit, Zergling x18  
  105  13:17  Baneling x4  
  105  13:19  Zergling x8  
  111  13:20  Zergling x4, Baneling x3  
  111  13:21  Baneling x6  
  111  13:33  Zergling x2  
  111  13:34  Zergling x8  
  116  13:47  Drone  
  114  13:50  Zergling x2  
  114  13:51  Zergling x8  
  114  13:53  Pathogen Glands  
  117  14:15  Zerg Ground Armor Level 2  
  117  14:18  Drone x3  
  120  14:28  Infestor x2  
  120  14:30  Hatchery  
  120  14:31  Infestor  
  123  14:35  Infestor  
  127  14:43  Overlord x2  
  127  14:50  Neural Parasite  
  127  15:02  Infestor  
  127  15:03  Infestor x3  
  132  15:15  Zergling x14  
  131  15:33  Infestor  
  131  15:34  Infestor x4  
  141  15:50  Infestor x4  
  141  15:56  Overseer  
  149  16:26  Overlord x3  
  149  16:27  Overlord x3  
  149  16:38  Baneling x2  
  149  16:39  Baneling x11  
  149  16:48  Infestor x3  
  111  17:41  Infestor x6  
  111  17:43  Zergling x38  
  137  17:54  Zergling x6  
  128  18:06  Zergling x2  
  128  18:07  Zergling x12  
  135  18:17  Infestor x3  
  141  18:26  Zergling x10  
  146  18:33  Baneling x8  
  144  18:40  Zergling x14  
Show
View Real Time Build Order
Export as new Build Order

llllllllllll Protoss 

Build Orders: 1 Gate Expand, Zealot Archon, Dark Templar Rush 

Get SALT Encoding   

  12  0:02  Probe (Chrono Boost)  
  13  0:13  Probe (Chrono Boost)  
  14  0:20  Pylon  
  14  0:23  Probe (Chrono Boost)  
  15  0:38  Gateway, Probe (Chrono Boost)  
  16  0:49  Probe (Chrono Boost), Assimilator  
  17  0:51  Assimilator  
  17  0:59  Probe (Chrono Boost)  
  18  1:10  Probe (Chrono Boost)  
  19  1:21  Nexus  
  19  1:31  Cybernetics Core  
  19  1:34  Probe (Chrono Boost)  
  20  1:40  Assimilator  
  20  1:45  Probe (Chrono Boost)  
  21  1:49  Pylon  
  21  1:55  Probe (Chrono Boost)  
  22  2:06  Probe (Chrono Boost)  
  22  2:08  Adept (Chrono Boost)  
  25  2:09  Warp Gate  
  25  2:17  Probe  
  26  2:29  Probe  
  27  2:31  Pylon  
  27  2:32  Stalker (Chrono Boost)  
  27  2:34  Mothership Core (Chrono Boost)  
  31  2:41  Probe (Chrono Boost)  
  32  2:53  Probe (Chrono Boost)  
  32  2:54  Probe (Chrono Boost)  
  34  3:00  Twilight Council  
  34  3:04  Probe (Chrono Boost)  
  34  3:05  Probe (Chrono Boost)  
  36  3:08  Pylon  
  36  3:12  Adept  
  38  3:14  Probe (Chrono Boost)  
  38  3:15  Probe (Chrono Boost)  
  40  3:25  Probe (Chrono Boost)  
  40  3:26  Probe (Chrono Boost)  
  42  3:33  Pylon  
  42  3:34  Probe (Chrono Boost)  
  42  3:39  Resonating Glaives (Chrono Boost)  
  43  3:42  Gateway  
  43  3:43  Gateway  
  43  3:45  Probe  
  43  3:47  Probe  
  43  3:48  Gateway  
  44  3:54  Dark Shrine  
  45  3:57  Probe  
  45  4:01  Assimilator  
  45  4:02  Probe  
  46  4:03  Pylon, Assimilator  
  46  4:09  Probe  
  48  4:13  Probe  
  48  4:15  Pylon  
  49  4:18  Forge  
  49  4:19  Sentry  
  51  4:25  Probe  
  51  4:31  Probe, Nexus  
  52  4:43  Pylon  
  52  4:45  Pylon  
  52  4:50  Probe  
  54  4:55  Protoss Ground Weapons Level 1  
  54  4:59  Robotics Facility  
  54  5:00  Robotics Facility, Probe  
  54  5:05  Probe  
  55  5:07  Dark Templar  
  57  5:15  Dark Templar, Probe  
  57  5:17  Probe  
  61  5:22  Adept x2  
  61  5:25  Probe  
  66  5:30  Probe  
  67  5:36  Probe  
  67  5:37  Gateway  
  67  5:39  Gateway  
  67  5:42  Probe x2  
  69  5:46  Probe  
  69  5:47  Immortal (Chrono Boost)  
  75  5:54  Probe  
  75  5:56  Immortal (Chrono Boost)  
  80  5:58  Probe  
  80  6:00  Probe  
  80  6:03  Pylon  
  82  6:06  Probe, Pylon  
  82  6:09  Sentry x2  
  82  6:10  Sentry, Probe  
  89  6:12  Probe  
  89  6:18  Probe  
  92  6:20  Probe  
  92  6:23  Stalker  
  95  6:38  Warp Prism (Chrono Boost)  
  90  6:42  Observer (Chrono Boost)  
  90  6:44  Stalker x2, Sentry  
  99  6:51  Assimilator x2  
  99  6:53  Gateway  
  99  6:56  Protoss Ground Weapons Level 2 (Chrono Boost), Gateway  
  99  6:59  Photon Cannon  
  99  7:01  Photon Cannon  
  99  7:03  Photon Cannon  
  97  7:10  Sentry  
  97  7:12  Zealot  
  97  7:13  Zealot x4  
  109  7:19  Gateway  
  109  7:21  Pylon  
  109  7:23  Photon Cannon, Pylon  
  109  7:26  Photon Cannon  
  107  7:30  Warp Prism, Pylon  
  109  7:37  Adept x4  
  117  7:44  Dark Templar x2  
  121  7:51  Archon  
  83  8:03  Zealot x4, Adept  
  83  8:04  Adept  
  69  8:26  Adept x6  
  75  8:28  Adept  
  64  8:35  Mothership Core (Chrono Boost)  
  65  8:46  Adept x2  
  65  8:48  Adept x5  
  74  9:04  Pylon  
  74  9:12  Templar Archives  
  74  9:14  Stalker  
  76  9:18  Observer  
  76  9:22  Sentry x4  
  85  9:30  Pylon  
  85  9:31  Pylon  
  85  9:32  Dark Templar  
  85  9:36  Dark Templar  
  87  9:55  Blink (Chrono Boost)  
  95  10:06  Dark Templar  
  95  10:07  Dark Templar  
  91  10:09  Dark Templar  
  93  10:19  Stalker x2  
  97  10:22  Stalker, Nexus  
  97  10:24  Pylon  
  99  10:38  Protoss Ground Weapons Level 3 (Chrono Boost)  
  99  10:44  Stalker x3  
  105  10:57  Stalker x4  
  113  11:09  Archon  
  113  11:13  Archon  
  113  11:15  Stalker x4  
  121  11:28  Adept  
  121  11:29  Dark Templar  
  125  11:38  High Templar  
  125  11:39  Zealot x4, High Templar  
  135  11:43  Archon  
  113  11:54  High Templar  
  113  11:58  Probe  
  113  11:59  Probe x2  
  118  12:01  High Templar  
  118  12:02  Zealot  
  118  12:03  Zealot x2  
  118  12:05  Archon  
  126  12:08  Probe  
  102  12:23  Stalker x2  
  102  12:24  Stalker  
  62  12:42  Stalker x2  
  62  12:43  Stalker x3  
  66  12:50  Probe x2  
  63  12:51  Probe  
  63  12:54  Stalker  
  67  13:02  Warp Prism  
  69  13:06  Probe  
  69  13:07  Probe x2  
  69  13:11  Protoss Ground Armor Level 1 (Chrono Boost)  
  72  13:19  Probe x2  
  74  13:22  High Templar x2  
  78  13:33  Archon  
  78  13:38  Stalker x4, Probe  
  78  13:39  Probe  
  78  13:40  Probe  
  84  13:58  Probe x2  
  86  14:07  High Templar x2  
  90  14:11  Charge  
  90  14:13  Archon  
  90  14:16  Zealot x6  
  90  14:17  Zealot  
  104  14:27  Assimilator x2  
  104  14:38  Pylon  
  104  14:41  Zealot x4  
  104  14:42  Zealot x2  
  115  14:55  Observer  
  113  15:00  Stalker x2  
  113  15:02  Probe  
  113  15:03  Probe  
  113  15:04  Probe  
  117  15:11  High Templar x2  
  121  15:15  Archon  
  121  15:16  Zealot x2  
  121  15:17  Zealot  
  113  15:31  High Templar x2  
  113  15:35  Photon Cannon  
  117  15:37  Archon  
  114  15:45  Probe x2  
  114  15:46  Probe  
  114  15:51  High Templar x3  
  120  15:57  Archon, High Templar, Probe x2  
  123  16:06  Zealot, Dark Templar  
  123  16:07  Zealot  
  115  16:25  Archon  
  115  16:26  High Templar x2  
  115  16:27  Zealot x5  
  127  16:46  Archon  
  127  16:49  High Templar x2  
  127  16:50  Zealot x4  
  138  16:57  Archon, Photon Cannon  
  137  17:03  High Templar x2  
  137  17:07  Archon  
  63  17:39  Zealot x6  
  63  17:40  Zealot x2  
  53  18:01  High Templar x2  
  53  18:02  High Templar x5  
  61  18:07  High Templar  
  61  18:08  Archon x3  
  61  18:11  Archon  
  56  18:38  Probe (Chrono Boost)  
  56  18:39  Probe (Chrono Boost)  
  56  18:41  High Templar x4  
  58  18:42  Zealot x4  
  58  18:45  Archon x2  
  58  18:46  Probe (Chrono Boost)  
  70  18:50  Probe (Chrono Boost)  
  70  18:51  Probe (Chrono Boost)  
  70  18:52  Probe (Chrono Boost)  
Tags
 
Add a new tag
Caveats
  • Supply blocks, unpowered buildings, or Contaminate may cause inaccurate times.
  • Supply counts are checked every 10 seconds.